 Dungeon Crawl Stone Soup version 0.28.0 (webtiles) character file.

Game seed: 13938369878553705478

65 Heh the Skirmisher (level 3, -4/32 HPs)
             Began as a Demonspawn Monk on Feb 10, 2022.
             Slain by a river rat (6 damage)
             ... on level 3 of the Dungeon.
             The game lasted 00:01:55 (1995 turns).

Heh the Skirmisher (Demonspawn Monk)                Turns: 1995, Time: 00:01:56

Health: -4/32      AC:  2    Str: 13    XL:     3   Next: 92%
Magic:  3/3        EV: 10    Int: 11    God:
Gold:   59         SH:  0    Dex: 21    Spells: 2/2 levels left

rFire   . . .      SeeInvis .   a - +0 falchion
rCold   . . .      Faith    .   (no shield)
rNeg    . . .      Spirit   .   b - +0 robe
rPois   .          Reflect  .   (no helmet)
rElec   .          Harm     .   (no cloak)
rCorr   .          Rampage  .   (no gloves)
Will    .....                   (no boots)
Stlth   ++........              (no amulet)
HPRegen 0.10/turn               d - +6 ring of dexterity
MPRegen 0.08/turn               (no ring)

@: constricted
A: weakness stinger 1
a: no special abilities


You were on level 3 of the Dungeon.
You visited 1 branch of the dungeon, and saw 3 of its levels.

You collected 59 gold pieces.

Inventory:

Hand Weapons
 a - a +0 falchion (weapon)
Armour
 b - a +0 robe (worn)
Jewellery
 d - a +6 ring of dexterity (left hand)
Scrolls
 c - a scroll of noise {unknown}
 e - a scroll of silence {unknown}


   Skills:
 + Level 4.9 Fighting
 - Level 2.6 Long Blades
 - Level 2.6 Dodging
 - Level 1.7 Stealth


You had 2 spell levels left.
You didn't know any spells.
Your spell library was empty.

Dungeon Overview and Level Annotations

Branches:
Dungeon (3/15)

Altars:

Portals:
Sewer: D:3

Annotations:
D:2 Terence


Innate Abilities, Weirdness & Mutations

You have a small tail.


Message History

Your tail-slap misses the giant cockroach.
You feel sick. The giant cockroach misses you.
The giant cockroach bites you but does no damage.
You hit the giant cockroach.
You kill the giant cockroach!
You feel sick.
You barely miss the rat.
You feel sick. The rat closely misses you.
You hit the rat.
You kill the rat!
You feel sick.
You feel sick.
You are no longer poisoned.
You see here a rat corpse.
You enter the shallow water.
Moving in this stuff is going to be slow.
You open the door.
Found a glowing drain.
A river rat and a ball python come into view.
There is an open door here.
You enter the shallow water.
Moving in this stuff is going to be slow.
The river rat bites you.
* * * LOW HITPOINT WARNING * * *
The river rat bites you.
* * * LOW HITPOINT WARNING * * *
The ball python hisses angrily.
There is a glowing drain here.
You aren't carrying any potions.
Okay, then.
You closely miss the river rat.
You tail-slap the river rat, but do no damage.
The ball python bites you but does no damage.
The ball python grabs you. The ball python constricts you.
The river rat bites you but does no damage.
The ball python barely misses you. The ball python constricts you.
* * * LOW HITPOINT WARNING * * *
You slash the river rat!
The river rat is heavily wounded.
The river rat bites you.
You die...

#.##.†........
######.##†#########
#.........#
#≈........#
#≈≈≈≈≈....#
#≈≈≈≈≈≈...#
##+#'≈≈...#
#≈r≈#≈.≈..#
#≈@≈#≈≈≈..#
#≈≈S#≈≈..##
##########


You could see a river rat and a ball python.

Vanquished Creatures
  2 adders
  3 dart slugs (D:1)
  4 bats (D:1)
  6 endoplasms (D:1)
  5 giant cockroaches
  4 goblins (D:1)
  3 hobgoblins (D:1)
  A kobold (D:1)
  2 quokkas
  2 ball pythons
  2 frilled lizards (D:1)
  2 rats (D:3)
36 creatures vanquished.

Vanquished Creatures (others)
  5 toadstools (D:1)
5 creatures vanquished.

Grand Total: 41 creatures vanquished

Notes
Turn   | Place    | Note
-------+----------+-------------------------------------------
     0 | D:1      | Heh the Demonspawn Monk began the quest for the Orb.
     0 | D:1      | Reached XP level 1. HP: 18/18 MP: 1/1
    34 | D:1      | Found a faded altar of an unknown god.
   209 | D:1      | Gained mutation: You have a small tail. [demonic ancestry]
   209 | D:1      | Reached XP level 2. HP: 21/24 MP: 2/2
   801 | D:1      | Reached skill level 4 in Fighting
   980 | D:1      | Reached XP level 3. HP: 21/30 MP: 3/3
  1672 | D:2      | Noticed Terence
  1990 | D:3      | Found a glowing drain.
  1995 | D:3      | Slain by a river rat

Illustrated notes

Levels and vault maps discovered:
D:1:      ldierk_walled_garden, layout_loops_cross,
          hellmonk_ecumenical_altar_slurped_away
D:2:      layout_rooms, basic_altar, uniq_terence
D:3:      layout_rooms, portal_sewer_entry_e

Skill      XL: |  1  2 |
---------------+-------+-----
Fighting       | 4 |  4.9
Long Blades    | |  2.6
Dodging        | |  2.6
Stealth        | |  1.7

Action                   || total
-------------------------++-------
Melee: Falchion          ||   131
       Punch             ||     3
       Tailslap          ||    12
       Unarmed           ||    19
 Stab: Sleeping          ||     8
Armor: Robe              ||    22
       Skin              ||     1
Dodge: Dodged            ||   114
